 Dungeon Crawl Stone Soup version 0.26-a0-682-g294304f6e8 (webtiles) character file.

Game seed: 16745048434469741090

129 DogServant the Insei (level 5, 0/42 HPs)
             Began as a Merfolk Transmuter on Oct 21, 2020.
             Slain by a goblin
             ... wielding a +0 club
             ... led by Robin
              (8 damage)
             ... on level 2 of the Dungeon.
             The game lasted 00:02:04 (2343 turns).

DogServant the Insei (Merfolk Transmuter)           Turns: 2343, Time: 00:02:05

Health: 0/42       AC:  2    Str: 12    XL:     5   Next: 12%
Magic:  7/8        EV: 13    Int: 12    God:
Gold:   105        SH:  0    Dex: 14    Spells: 7/8 levels left

rFire    . . .     SeeInvis .   b - +2 dagger (elec)
rCold    . . .     Faith    .   (no shield)
rNeg     . . .     Spirit   .   a - +0 robe
rPois    .         Reflect  .   (helmet currently unavailable)
rElec    .         Harm     .   (no cloak)
rCorr    .         Rampage  .   (no gloves)
MR       .....                  (boots currently unavailable)
Stlth    +.........             (no amulet)
HPRegen  0.14/turn              (no ring)
MPRegen  0.11/turn              (no ring)

@: appendages (expiring), flying
A: change form in water, swift swim, stealthy swim, horns 2
a: End Transformation


You were on level 2 of the Dungeon.
You had grown temporary horns.
You visited 1 branch of the dungeon, and saw 2 of its levels.

You collected 105 gold pieces.

Inventory:

Hand Weapons
 b - a +2 dagger of electrocution (weapon)
Armour
 a - a +0 robe (worn)
 l - a +2 kite shield
Jewellery
 d - an uncursed ring of wizardry {unknown}
 f - an uncursed ring of stealth {unknown}
Scrolls
 c - 2 scrolls of identify {unknown}
 e - a scroll of blinking {unknown}
 i - a scroll of remove curse {unknown}
Potions
 h - 2 potions of stabbing {unknown}
 j - a potion of heal wounds {unknown}
 k - a potion of brilliance {unknown}
 m - a potion of invisibility {unknown}


   Skills:
 + Level 3.7 Fighting
 - Level 2.6 Dodging
 + Level 4.9 Unarmed Combat
 - Level 2.0 Spellcasting
 - Level 2.6 Transmutations


You had 7 spell levels left.
You knew the following spells:

 Your Spells              Type           Power        Failure   Level
a - Beastly Appendage     Tmut           #.....       9%          1

Your spell library contained the following spells:

 Spells                   Type           Power        Failure   Level
 Wereblood                Tmut           #.......     14%         2
 Spider Form              Tmut/Pois      #.........   43%         3
 Ice Form                 Ice/Tmut       #.......     83%         4
 Blade Hands              Tmut           #.........   94%         5


Dungeon Overview and Level Annotations

Branches:
Dungeon (2/15)

Altars:

Annotations:
D:2 Robin


Innate Abilities, Weirdness & Mutations

You revert to your normal form in water.
You are very nimble and swift while swimming.
You are very stealthy in the water. (Stealth+)
You have a pair of horns on your head.


Message History

The goblin no longer looks unusually strong.
The goblin barely misses you.
You closely miss the goblin. The goblin hits you but does no damage.
Robin throws the goblin at you!
You closely miss the goblin. The goblin hits you with a +0 club. x2
Robin roars a battlecry!
The goblins go into a battle-frenzy!
You hear a shout! x2
You hit the goblin.
The goblin is heavily wounded.
The goblin hits you with a +0 club. x2
You barely miss the goblin.
Your transformation is almost over.
The goblin hits you with a +0 club. x2
* * * LOW HITPOINT WARNING * * *
It was a potion of flight.
You feel very buoyant.
You fly up into the air.
The goblin closely misses you. The goblin hits you with a +0 club!
You die...

#)# #.# #...................##.#.
#.###.###.#########.....##..##.#.
#.##.......#########.#..##.......
.................# #.#..##.###.#.
#)##.......#####.# #..........†#.
#.####...### #.# ###<.####.###.
#.# #.....# #.# #..# #.# #. #.#
#####.# #g# #...# #.# #. #.# #.#
#@# #.#.# #.# #.
#.########.#####g# ##### ### ##
#..............gg##.g...
#..#######..##..g..# #.#.##
#..######..ggg. .###.# #..#
##g..# #.#.## #..###### g.. #...#
#.......# ####### #.#.#
##)####.###.##..##


You could see Robin, a hobgoblin (strong) and 3 goblins.

Vanquished Creatures
  Natasha (twice) (D:2)
  An adder (D:2)
  An ooze (D:2)
  2 dart slugs
  2 leopard geckos (D:2)
  5 bats
  4 giant cockroaches
  4 goblins
  5 hobgoblins
  11 jackals
  2 quokkas (D:2)
  4 frilled lizards
  7 kobolds (D:2)
  6 rats
56 creatures vanquished.

Notes
Turn   | Place    | Note
-------+----------+-------------------------------------------
     0 | D:1      | DogServant the Merfolk Transmuter began the quest for the
                  | Orb.
     0 | D:1      | Reached XP level 1. HP: 15/15 MP: 3/3
     2 | D:1      | Noticed a ghoul
     4 | D:1      | Noticed a halfling
     4 | D:1      | Noticed a spriggan
     6 | D:1      | Noticed a human
     6 | D:1      | Noticed a centaur
     8 | D:1      | Noticed a tengu
     8 | D:1      | Noticed an elf
    10 | D:1      | Noticed a formicid
    10 | D:1      | Noticed a demigod
    12 | D:1      | Noticed a vine stalker
    14 | D:1      | Noticed a naga
    14 | D:1      | Noticed a merfolk
    16 | D:1      | Noticed a minotaur
    18 | D:1      | Noticed a dwarf
    18 | D:1      | Noticed an ogre
    20 | D:1      | Noticed an octopode
    22 | D:1      | Noticed a gargoyle
    22 | D:1      | Noticed a troll
    24 | D:1      | Noticed a vampire
    24 | D:1      | Noticed a demonspawn
    26 | D:1      | Noticed a draconian
    26 | D:1      | Noticed a felid
   341 | D:1      | Reached XP level 2. HP: 22/22 MP: 3/5
   956 | D:2      | Reached XP level 3. HP: 27/27 MP: 6/6
   977 | D:2      | Reached skill level 4 in Unarmed Combat
  1142 | D:2      | Noticed Natasha
  1145 | D:2      | Killed Natasha
  1146 | D:2      | Reached XP level 4. HP: 35/35 MP: 5/7
  1906 | D:2      | Noticed Natasha
  1919 | D:2      | Killed Natasha
  1919 | D:2      | Reached XP level 5. HP: 17/42 MP: 8/8
  2321 | D:2      | Noticed Robin
  2343 | D:2      | Slain by a goblin

Illustrated notes

Levels and vault maps discovered:
D:1:      kb_arrival_jail, layout_rooms
D:2:      layout_loops_ring, lemuel_coloured_pillars_altar, uniq_natasha,
          uniq_robin

Skill      XL: |  1  2  3 |
---------------+----------+-----
Fighting       | 2 3 |  3.7
Unarmed Combat | 4 |  4.9
Dodging        | |  2.6
Spellcasting   | |  2.0
Transmutations | |  2.6

Action                   |  1- 3 |  4- 6 || total
-------------------------+-------+-------++-------
Melee: Unarmed           |     8 |       ||     8
       Dagger            |    51 |    81 ||   132
       Headbutt          |     3 |     7 ||    10
       Punch             |       |     1 ||     1
 Cast: Beastly Appendage |     6 |     7 ||    13
  Use: Potion            |       |     1 ||     1
 Stab: Sleeping          |     1 |       ||     1
Armor: Robe              |    14 |    10 ||    24
Dodge: Dodged            |    57 |    57 ||   114

Table legend: (Time is in decaauts)
 A = Elapsed time spent in this place.
 B = Non-inter-level travel time spent in this place.
 C = Inter-level travel time spent in this place.
 D = Time resting spent in this place.
 E = Time spent auto-exploring this place.
 F = Levels seen in this place.
 G = Mean time per level.
                   A        B        C        D        E       F      G
               +--------+--------+--------+--------+--------+-----+--------+
         Total |   2351 |   2313 |     38 |    840 |   1175 |   2 | 1175.5 |
       Dungeon |   2351 |   2313 |     38 |    840 |   1175 |   2 | 1175.5 |
               +--------+--------+--------+--------+--------+-----+--------+

Top non-repeatable levels by time:
     D:2: 1401 daAuts
     D:1: 949 daAuts
